IL
SCRANTON WB RAILRIDERS @ NORFOLK TIDES
04/28/2099
 
TOP OF THE 1ST
Scranton WB RailRiders batting - Pitching for Norfolk Tides : RHP Aaron Hayhurst
Pitching: RHP Aaron Hayhurst
Batting: RHB Ryan Ginsburg 0-0: Swinging Strike
0-1: Called Strike
0-2: Strikes out swinging, 2-3 out at first.
Batting: SHB Ethan Gavin 0-0: Called Strike
0-1: Foul Ball, location: 2F
0-2: Foul Ball, location: 2F
0-2: SINGLE (Groundball, 3S, EV 66.3 MPH) (infield hit)
Batting: LHB John Merryman 0-0: Called Strike
0-1: Fly out, F6 (Line Drive, 6M, EV 68.1 MPH)
Batting: SHB Roberto Campos 0-0: Called Strike
0-1: Foul Ball, location: 2F
0-2: Ball
1-2: Fly out, F7 (Flyball, 7D, EV 108.1 MPH)
Top of the 1st over - 0 runs, 1 hit, 0 errors, 1 left on base; Scranton WB 0 - Norfolk 0
BOTTOM OF THE 1ST
Norfolk Tides batting - Pitching for Scranton WB RailRiders : RHP Joe Long
Pitching: RHP Joe Long
Batting: SHB Jarrett Crawford 0-0: Called Strike
0-1: Called Strike
0-2: Foul Ball, location: 3FF
0-2: Ball
1-2: Strikes out swinging
Batting: LHB Andres Lopez 0-0: Fly out, F7 (Flyball, 78M, EV 93.8 MPH)
Batting: RHB Anthon de Graauw 0-0: Ball
1-0: SINGLE (Line Drive, 8LS, EV 92.5 MPH)
Batting: RHB Dale Norvell 0-0: Ball
Anthon de Graauw steals 2nd base
1-0: Called Strike
1-1: DOUBLE (Line Drive, 5D, EV 96.9 MPH)
Anthon de Graauw scores
Batting: LHB Isaiah Brown 0-0: Foul Ball, location: 2F
0-1: Ball
1-1: Foul Ball, location: 5SF
1-2: Ground out 3-1 (Groundball, 13, EV 81.3 MPH)
Bottom of the 1st over - 1 run, 2 hits, 0 errors, 1 left on base; Scranton WB 0 - Norfolk 1
TOP OF THE 2ND
Scranton WB RailRiders batting - Pitching for Norfolk Tides : RHP Aaron Hayhurst
Batting: RHB Jared Brown 0-0: Called Strike
0-1: Ball
1-1: Ground out 6-3 (Groundball, 6, EV 79.4 MPH)
Batting: LHB Danny Grimes 0-0: Ball
1-0: Ground out 5-3 (Groundball, 5, EV 76.9 MPH)
Batting: LHB Joe Liner 0-0: Ball
1-0: SINGLE (Groundball, 6MD, EV 100.6 MPH)
Batting: LHB Jose Berumen 0-0: Called Strike
0-1: Ball
1-1: Ball
2-1: Swinging Strike
Passed Ball!
Joe Liner to second
2-2: SINGLE (Groundball, 23, EV 91.9 MPH) (infield hit)
Joe Liner to third
Batting: RHB Matt Null 0-0: Ball
Wild Pitch!
Joe Liner scores
Jose Berumen to second
1-0: Ball
2-0: Called Strike
2-1: Ball
3-1: Base on Balls
Batting: RHB Ryan Ginsburg 0-0: Called Strike
0-1: Foul Ball, location: 2F
0-2: Ball
1-2: Ball
2-2: Foul Ball, location: 2F
2-2: Foul Ball, location: 2F
2-2: Hit by Pitch
Jose Berumen to third
Matt Null to second
Batting: SHB Ethan Gavin 0-0: Ball
1-0: Ball
2-0: Swinging Strike
2-1: Ball
3-1: Foul Ball, location: 7LSF
3-2: Strikes out swinging
Top of the 2nd over - 1 run, 2 hits, 0 errors, 3 left on base; Scranton WB 1 - Norfolk 1
BOTTOM OF THE 2ND
Norfolk Tides batting - Pitching for Scranton WB RailRiders : RHP Joe Long
Batting: RHB Evan Keaton 0-0: Ball
1-0: Foul Ball, location: 7LSF
1-1: Ball
2-1: Foul Ball, location: 9LDF
2-2: Strikes out looking
Batting: RHB Gene Wilcox 0-0: Called Strike
0-1: Ball
1-1: Ball
2-1: Called Strike
2-2: Strikes out looking
Batting: RHB Moises Mejia 0-0: Ground out 5-3 (Groundball, 5S, EV 86.3 MPH)
Bottom of the 2nd over - 0 runs, 0 hits, 0 errors, 0 left on base; Scranton WB 1 - Norfolk 1
TOP OF THE 3RD
Scranton WB RailRiders batting - Pitching for Norfolk Tides : RHP Aaron Hayhurst
Batting: LHB John Merryman 0-0: Ball
1-0: Ball
2-0: Ball
3-0: Called Strike
3-1: Fly out, F6 (Popup, 6MS, EV 71.3 MPH)
Batting: SHB Roberto Campos 0-0: Ball
1-0: SINGLE (Line Drive, 6D, EV 97.5 MPH)
Batting: RHB Jared Brown 0-0: Called Strike
0-1: Ball
1-1: Called Strike
1-2: Strikes out swinging
Batting: LHB Danny Grimes 0-0: Ball
1-0: DOUBLE (Flyball, 78XD, EV 109.4 MPH)
Roberto Campos to third
Runner from 3rd tries for Home, SAFE, throw by LF to home
Batting: LHB Joe Liner 0-0: Foul Ball, location: 3SF
0-1: Ball
1-1: Ball
2-1: Ball
3-1: Fly out, F7 (Flyball, 7, EV 84.4 MPH)
Top of the 3rd over - 1 run, 2 hits, 0 errors, 1 left on base; Scranton WB 2 - Norfolk 1
BOTTOM OF THE 3RD
Norfolk Tides batting - Pitching for Scranton WB RailRiders : RHP Joe Long
Batting: RHB Lloyd Hallamore 0-0: Called Strike
0-1: TRIPLE (Flyball, 78XD, EV 101.9 MPH)
Batting: SHB Jarrett Crawford 0-0: Ball
1-0: Foul Ball, location: 2F
1-1: Called Strike
1-2: Foul Ball, location: 7LDF
1-2: Ball
2-2: DOUBLE (Line Drive, 9LD, EV 106.9 MPH)
Lloyd Hallamore scores
Batting: LHB Andres Lopez 0-0: Called Strike
0-1: Ball
1-1: Swinging Strike
1-2: Ball
2-2: Strikes out swinging
Batting: RHB Anthon de Graauw 0-0: Ball
1-0: Ball
2-0: Ball
3-0: Base on Balls
Batting: RHB Dale Norvell 0-0: Called Strike
0-1: Fielders Choice at 2nd, 1-4 (Groundball, P, EV 70.6 MPH)
Jarrett Crawford to third
Batting: LHB Isaiah Brown 0-0: Ball
1-0: Ball
2-0: Foul Ball, location: 3SF
2-1: Foul Ball, location: 2F
2-2: Ball
3-2: Fly out, F8 (Flyball, 8RD, EV 93.1 MPH)
Bottom of the 3rd over - 1 run, 2 hits, 0 errors, 2 left on base; Scranton WB 2 - Norfolk 2
TOP OF THE 4TH
Scranton WB RailRiders batting - Pitching for Norfolk Tides : RHP Aaron Hayhurst
Batting: LHB Jose Berumen 0-0: Called Strike
0-1: Ball
1-1: Foul Ball, location: 5F
1-2: Foul Ball, location: 5F
1-2: Foul Ball, location: 2F
1-2: Ball
2-2: Foul Ball, location: 23F
2-2: Strikes out swinging
Batting: RHB Matt Null 0-0: Foul Ball, location: 25FF
0-1: Foul Ball, location: 7LMF
0-2: Foul Ball, location: 2F
0-2: Ball
1-2: Ball
2-2: Foul Ball, location: 2F
2-2: Ball
3-2: Foul Ball, location: 2F
3-2: Ground out 3-1 (Groundball, 34S, EV 85.0 MPH)
Batting: RHB Ryan Ginsburg 0-0: Foul Ball, location: 9LDF
0-1: Fly out, F8 (Line Drive, 4D, EV 68.1 MPH)
Top of the 4th over - 0 runs, 0 hits, 0 errors, 0 left on base; Scranton WB 2 - Norfolk 2
BOTTOM OF THE 4TH
Norfolk Tides batting - Pitching for Scranton WB RailRiders : RHP Joe Long
Batting: RHB Evan Keaton 0-0: Fly out, F7 (Flyball, 7LM, EV 106.3 MPH)
Batting: RHB Gene Wilcox 0-0: Ground out 1-3 (Groundball, 13, EV 62.5 MPH)
Batting: RHB Moises Mejia 0-0: Called Strike
0-1: Ball
1-1: SINGLE (Line Drive, 4D, EV 97.5 MPH)
Batting: RHB Lloyd Hallamore 0-0: Ball
1-0: Foul Ball, location: 2F
1-1: Ball
2-1: Swinging Strike
2-2: Strikes out looking
Bottom of the 4th over - 0 runs, 1 hit, 0 errors, 1 left on base; Scranton WB 2 - Norfolk 2
TOP OF THE 5TH
Scranton WB RailRiders batting - Pitching for Norfolk Tides : RHP Aaron Hayhurst
Batting: SHB Ethan Gavin 0-0: Ball
1-0: Called Strike
1-1: Ball
2-1: Foul Ball, location: 3FF
2-2: Ball
3-2: SINGLE (Groundball, 6M, EV 105.0 MPH)
Batting: LHB John Merryman 0-0: Foul Ball, location: 9LMF
0-1: Fly out, F9 (Line Drive, 9, EV 97.5 MPH)
Batting: SHB Roberto Campos 0-0: Foul Ball, location: 2F
0-1: Swinging Strike
0-2: Ball
1-2: Fly out, F8 (Flyball, 78M, EV 98.8 MPH)
Batting: RHB Jared Brown 0-0: Fly out, F8 (Flyball, 89D, EV 95.0 MPH)
Top of the 5th over - 0 runs, 1 hit, 0 errors, 1 left on base; Scranton WB 2 - Norfolk 2
BOTTOM OF THE 5TH
Norfolk Tides batting - Pitching for Scranton WB RailRiders : RHP Joe Long
Batting: SHB Jarrett Crawford 0-0: Called Strike
0-1: Foul Ball, location: 3FF
0-2: Strikes out swinging
Batting: LHB Andres Lopez 0-0: Ball
1-0: Foul Ball, location: 5F
1-1: Ball
2-1: Ball
3-1: Swinging Strike
3-2: Ground out 2-3 (Groundball, 2R, EV 68.8 MPH)
Batting: RHB Anthon de Graauw 0-0: Ball
1-0: Swinging Strike
1-1: Called Strike
1-2: Strikes out swinging
Bottom of the 5th over - 0 runs, 0 hits, 0 errors, 0 left on base; Scranton WB 2 - Norfolk 2
TOP OF THE 6TH
Scranton WB RailRiders batting - Pitching for Norfolk Tides : RHP Aaron Hayhurst
Batting: LHB Danny Grimes 0-0: Ball
1-0: Called Strike
1-1: Ball
2-1: Foul Ball, location: 5F
2-2: Ground out 6-3 (Groundball, 6S, EV 85.0 MPH)
Batting: LHB Joe Liner 0-0: Called Strike
0-1: Ground out 4-3 (Groundball, 4, EV 84.4 MPH)
Batting: LHB Jose Berumen 0-0: Called Strike
0-1: Ball
1-1: Swinging Strike
1-2: Ground out 4-3 (Groundball, 34, EV 103.1 MPH)
Top of the 6th over - 0 runs, 0 hits, 0 errors, 0 left on base; Scranton WB 2 - Norfolk 2
BOTTOM OF THE 6TH
Norfolk Tides batting - Pitching for Scranton WB RailRiders : RHP Joe Long
Batting: RHB Dale Norvell 0-0: Called Strike
0-1: Ball
1-1: Ball
2-1: Called Strike
2-2: Foul Ball, location: 2F
2-2: Ball
3-2: Base on Balls
Batting: LHB Isaiah Brown 0-0: Called Strike
0-1: Ball
1-1: Ball
2-1: Foul Ball, location: 5FF
2-2: Foul Ball, location: 2F
2-2: Ball
3-2: SINGLE (Groundball, 6MD, EV 103.1 MPH)
Dale Norvell to second
Dale Norvell to third
Batting: RHB Evan Keaton 0-0: Ball
1-0: Ball
2-0: DOUBLE (Line Drive, 3D, EV 98.1 MPH)
Dale Norvell scores
Isaiah Brown to third
Batting: RHB Gene Wilcox 0-0: Ball
1-0: SINGLE (Groundball, 6, EV 101.9 MPH)
Isaiah Brown scores
Evan Keaton to third
Batting: RHB Moises Mejia 0-0: Ball
1-0: SINGLE (Groundball, 4MD, EV 98.8 MPH)
Evan Keaton scores
Gene Wilcox to second
Runner from 2nd tries for 3rd, SAFE, throw by CF made to third
Batting: RHB Lloyd Hallamore 0-0: Called Strike
0-1: Called Strike
0-2: Ball
1-2: Strikes out looking
Batting: SHB Jarrett Crawford 0-0: Ball
1-0: Foul Ball, location: 7LMF
1-1: Foul Ball, location: 2F
1-2: Foul Ball, location: 7LDF
1-2: Ball
2-2: Ball
3-2: Fly out, F8 (Flyball, 8RD, EV 105.6 MPH)
Runner from 3rd tags up, SCORES, throw by CF
Pitching: LHP Jaylen Cox
Batting: LHB Andres Lopez 0-0: Called Strike
0-1: SINGLE (Groundball, 4D, EV 110.0 MPH)
Moises Mejia to second
Runner from 2nd tries for 3rd, SAFE, no throw by CF
Batting: RHB Anthon de Graauw 0-0: Foul Ball, location: 9LDF
0-1: Ball
1-1: SINGLE (Groundball, 4MD, EV 110.6 MPH)
Moises Mejia scores
Andres Lopez to second
Runner from 2nd tries for 3rd, SAFE, no throw by CF
Batting: RHB Dale Norvell 0-0: Ball
1-0: Foul Ball, location: 9LMF
1-1: Ball
2-1: Fly out, F7 (Flyball, 7, EV 86.9 MPH)
Bottom of the 6th over - 5 runs, 6 hits, 0 errors, 2 left on base; Scranton WB 2 - Norfolk 7
TOP OF THE 7TH
Scranton WB RailRiders batting - Pitching for Norfolk Tides : RHP Aaron Hayhurst
Batting: RHB Matt Null 0-0: Called Strike
0-1: Ground out 5-3 (Groundball, 5, EV 81.3 MPH)
Batting: RHB Ryan Ginsburg 0-0: Called Strike
0-1: Foul Ball, location: 9LDF
0-2: Strikes out looking
Batting: SHB Ethan Gavin 0-0: SINGLE (Groundball, 6MD, EV 106.3 MPH)
Batting: LHB John Merryman 0-0: Ball
1-0: Ball
2-0: Called Strike
2-1: Ball
3-1: Called Strike
3-2: Fly out, F8 (Flyball, 8RS, EV 93.8 MPH)
Top of the 7th over - 0 runs, 1 hit, 0 errors, 1 left on base; Scranton WB 2 - Norfolk 7
BOTTOM OF THE 7TH
Norfolk Tides batting - Pitching for Scranton WB RailRiders : LHP Jaylen Cox
Batting: LHB Isaiah Brown 0-0: Ball
1-0: Called Strike
1-1: Ball
2-1: Fly out, F7 (Flyball, 78M, EV 85.0 MPH)
Batting: RHB Evan Keaton 0-0: Ball
1-0: Ball
2-0: Swinging Strike
2-1: Ball
3-1: Called Strike
3-2: Foul Ball, location: 2LF
3-2: Base on Balls
Batting: RHB Gene Wilcox 0-0: Foul Ball, location: 3DF
0-1: Ball
1-1: Foul Ball, location: 2RF
1-2: Ball
2-2: DOUBLE (Flyball, 89XD, EV 90.0 MPH)
Evan Keaton to third
Runner from 3rd tries for Home, SAFE, no throw by CF
Batting: RHB Moises Mejia 0-0: Ball
1-0: Swinging Strike
1-1: Swinging Strike
1-2: Strikes out swinging
Batting: RHB Lloyd Hallamore 0-0: Ball
1-0: Ball
2-0: Called Strike
2-1: Ball
3-1: Fly out, F9 (Flyball, 9D, EV 85.6 MPH)
Bottom of the 7th over - 1 run, 1 hit, 0 errors, 1 left on base; Scranton WB 2 - Norfolk 8
TOP OF THE 8TH
Scranton WB RailRiders batting - Pitching for Norfolk Tides : RHP Aaron Hayhurst
Pitching: RHP Andy Blevins
Batting: SHB Roberto Campos 0-0: Ball
1-0: Called Strike
1-1: Ground out U3 (Groundball, 34S, EV 88.1 MPH)
Batting: RHB Jared Brown 0-0: SINGLE (Line Drive, 34D, EV 98.1 MPH)
Batting: LHB Danny Grimes 0-0: Called Strike
0-1: Called Strike
0-2: Ball
1-2: Ball
2-2: Ball
3-2: TRIPLE (Line Drive, 89XD, EV 99.4 MPH)
Jared Brown scores
Batting: LHB Joe Liner 0-0: SINGLE (Line Drive, 8LS, EV 96.3 MPH)
Danny Grimes scores
Batting: LHB Jose Berumen 0-0: Called Strike
0-1: Ball
1-1: Called Strike
1-2: Foul Ball, location: 5FF
1-2: Strikes out looking
Batting: RHB Matt Null 0-0: Called Strike
0-1: Ball
1-1: Foul Ball, location: 23FF
1-2: Ball
2-2: Foul Ball, location: 9LDF
2-2: Ball
3-2: Foul Ball, location: 3FF
3-2: DOUBLE (Flyball, 8LXD, EV 95.0 MPH)
Joe Liner to third
Joe Liner scores
Pitching: LHP Malachi Phillips
Batting: RHB Ryan Ginsburg 0-0: Ball
1-0: Swinging Strike
1-1: DOUBLE (Line Drive, 78D, EV 98.1 MPH)
Matt Null scores
Batting: SHB Ethan Gavin 0-0: Foul Ball, location: 7LSF
0-1: Ground out 6-3 (Groundball, 56, EV 108.8 MPH)
Top of the 8th over - 4 runs, 5 hits, 0 errors, 1 left on base; Scranton WB 6 - Norfolk 8
BOTTOM OF THE 8TH
Norfolk Tides batting - Pitching for Scranton WB RailRiders : LHP Jaylen Cox
Batting: SHB Jarrett Crawford 0-0: Called Strike
0-1: Ball
1-1: Ball
2-1: Ball
3-1: Base on Balls
Batting: LHB Andres Lopez 0-0: Ball
Jarrett Crawford steals 2nd base
1-0: Ball
2-0: Called Strike
2-1: Swinging Strike
2-2: Foul Ball, location: 7LSF
2-2: Foul Ball, location: 2F
2-2: Ground out 6-3 (Groundball, 6MS, EV 86.3 MPH)
Jarrett Crawford to third
Batting: RHB Anthon de Graauw 0-0: Ball
1-0: Called Strike
1-1: Called Strike
1-2: Ball
2-2: Ball
3-2: Strikes out swinging
Pitching: RHP John Hall
Batting: RHB Dale Norvell 0-0: Fly out, F7 (Flyball, 7D, EV 110.0 MPH)
Bottom of the 8th over - 0 runs, 0 hits, 0 errors, 1 left on base; Scranton WB 6 - Norfolk 8
TOP OF THE 9TH
Scranton WB RailRiders batting - Pitching for Norfolk Tides : LHP Malachi Phillips
Batting: LHB John Merryman 0-0: Called Strike
0-1: Foul Ball, location: 2F
0-2: Strikes out swinging
Batting: SHB Roberto Campos 0-0: Ball
1-0: Swinging Strike
1-1: Foul Ball, location: 2F
1-2: Ball
2-2: Foul Ball, location: 2F
2-2: Ball
3-2: SINGLE (Groundball, 2L, EV 67.5 MPH) (infield hit)
Batting: RHB Jared Brown 0-0: Ball
1-0: Ball
2-0: Ball
3-0: Base on Balls
Roberto Campos to second
Pinch Hitting: RHB Sam Sokol 0-0: Called Strike
0-1: Foul Ball, location: 2LF
0-2: Ball
1-2: Foul Ball, location: 3SF
1-2: Strikes out swinging
Batting: LHB Joe Liner 0-0: Called Strike
0-1: Fielders Choice at 2nd, 6-4 (Groundball, 6, EV 100.0 MPH)
Top of the 9th over - 0 runs, 1 hit, 0 errors, 2 left on base; Scranton WB 6 - Norfolk 8
Saturday, May 4th , 2024 - OOTP Baseball 24.11 Build 85